 Dungeon Crawl Stone Soup version 0.19-a0-1821-g42c593c (webtiles) character file.

1209 kae the Slasher (level 8, -8/63 (64) HPs)
             Began as a Formicid Fighter on Oct 6, 2016.
             Killed by divine providence
             ... invoked by an orc priest
              (11 damage)
             ... on level 6 of the Dungeon.
             The game lasted 00:06:39 (5519 turns).

kae the Slasher (Formicid Fighter)                  Turns: 5519, Time: 00:06:39

HP:   -8/63 (64)    AC:  8    Str: 23    XL:     8   Next: 74%
MP:   8/8           EV:  7    Int:  8    God:
Gold: 247           SH: 17    Dex: 10    Spells: 0 memorised, 7 levels left

rFire  . . .     SeeInvis +     a - +0 long sword
rCold  . . .     Gourm    .     b - +0 scale mail
rNeg   + . .     Faith    .     m - +1 large shield
rPois  .         Spirit   .     (helmet unavailable)
rElec  .         Dismiss  .     (no cloak)
rCorr  .         Reflect  .     (no gloves)
MR     .....     Harm     .     p - +0 pair of boots
Stlth  ..........               (no amulet)
                                j - ring of see invisible
                                i - ring of positive energy

@: no status effects
A: permanent stasis, dig shafts and tunnels, four strong arms, antennae 3
a: Dig, Shaft Self


You were on level 6 of the Dungeon.
You were very hungry.

You visited 2 branches of the dungeon, and saw 7 of its levels.

You collected 320 gold pieces.
You spent 73 gold pieces at shops.

Inventory:

Hand Weapons
 a - a +0 long sword (weapon)
Armour
 b - a +0 scale mail (worn)
 m - a +1 large shield (worn)
 p - a +0 pair of boots (worn)
Jewellery
 i - a ring of positive energy (left hand)
 j - a ring of see invisible (right hand)
Scrolls
 h - 3 scrolls of identify
 k - 4 scrolls of recharging
 o - 3 scrolls of remove curse
 r - 2 scrolls of amnesia
 t - a scroll of fear {unknown}
 v - a scroll of enchant weapon {unknown}
Potions
 d - a potion of might
 e - a potion of agility {unknown}
 l - 2 potions of flight
 n - 2 potions of haste {unknown}
 q - 2 potions of curing
 s - 4 potions of heal wounds
 u - a potion of invisibility {unknown}
 w - a potion of berserk rage
Comestibles
 c - 3 meat rations
 f - 3 bread rations
 g - 3 beef jerkies


   Skills:
 + Level 6.0 Fighting
 * Level 7.5 Long Blades
 - Level 3.2 Armour
 + Level 6.7 Shields


You had 7 spell levels left.
You didn't know any spells.

Dungeon Overview and Level Annotations

Branches:
Dungeon (6/15)             Temple (1/1) D:4

Altars:
Ashenzari
Dithmenos
Elyvilon
Fedhas
Hepliaklqana
Kikubaaqudgha
Makhleb
Nemelex Xobeh
Qazlal
Ru
Sif Muna
Trog
Uskayaw
Vehumet
Xom
Yredelemnul
Zin
The Shining One

Shops:
D:5 **?%:


Innate Abilities, Weirdness & Mutations

You are under a permanent stasis effect.
You can dig through walls and to a lower floor.
Your four strong arms can wield two-handed weapons with a shield.
You have a pair of large antennae on your head. (SInv)


Message History

You closely miss the orc priest.
The orc priest is moderately wounded.
You block the orc priest's attack.
Your shield prevents you from hitting the orc priest.
The orc priest is moderately wounded.
You block the orc priest's attack. x2
You hit the orc priest but do no damage.
The orc priest is moderately wounded.
The orc priest invokes the aid of Beogh against you.
Beogh smites you!
* * * LOW HITPOINT WARNING * * *
You barely miss the orc priest.
The orc priest is moderately wounded.
The orc priest hits you.
* * * LOW HITPOINT WARNING * * *
You barely miss the orc priest.
The orc priest is moderately wounded.
The orc priest mumbles some strange prayers to Beogh against you.
Beogh smites you!
You die...

#.####.......#### ####
#................
##....######.......####
.....o...o.........# #
##.#####.########### #
#...........#
######.####.# ##o# #
#@## .............#
##############


You could see an orc priest.

Vanquished Creatures
  A necrophage (D:6)
  An ogre (D:5)
  A scorpion (D:4)
  A vampire bat (D:3)
  2 howler monkeys
  A crimson imp (D:5)
  A jelly (D:5)
  A hound (D:6)
  2 orc priests (D:4)
  2 bullfrog skeletons (D:5)
  An iguana (D:5)
  8 orc wizards
  2 worker ants
  A hound zombie (D:6)
  8 adders
  4 gnolls (D:6)
  A howler monkey skeleton (D:5)
  A shadow imp (D:5)
  7 worms
  3 fire bats (D:3)
  3 leopard geckos
  26 orcs
  2 spectral bats (D:3)
  A ball python (D:2)
  3 bat skeletons (D:3)
  A bat zombie (D:3)
  6 giant cockroaches
  3 hobgoblins
  7 jackals
  5 quokkas
  13 bats
  A bat simulacrum (D:3)
  5 frilled lizards
  6 goblins
  4 kobolds
  2 leopard gecko skeletons (D:4)
  A quokka skeleton (D:5)
  6 rats
144 creatures vanquished.

Notes
Turn   | Place    | Note
-------+----------+-------------------------------------------
     0 | D:1      | kae the Formicid Fighter began the quest for the Orb.
     0 | D:1      | Reached XP level 1. HP: 18/18 MP: 1/1
   332 | D:1      | Reached XP level 2. HP: 24/24 MP: 2/2
   871 | D:2      | Reached XP level 3. HP: 24/29 MP: 3/3
  1089 | D:2      | Reached skill level 3 in Long Blades
  1273 | D:2      | Reached XP level 4. HP: 37/37 MP: 4/4
  1719 | D:3      | Reached XP level 5. HP: 13/42 MP: 5/5
  1729 | D:3      | Reached skill level 4 in Long Blades
  2191 | D:3      | Reached XP level 6. HP: 44/49 MP: 6/6
  2593 | D:3      | Reached skill level 5 in Long Blades
  2593 | D:3      | Reached skill level 5 in Shields
  2633 | D:3      | Reached XP level 7. HP: 38/55 MP: 7/7
  3044 | D:4      | Found a shattered altar of Ashenzari.
  3185 | D:4      | Reached skill level 5 in Fighting
  3474 | D:4      | Reached skill level 6 in Long Blades
  3693 | D:4      | Found a staircase to the Ecumenical Temple.
  3724 | Temple   | Entered the Ecumenical Temple
  4034 | D:5      | Entered Level 5 of the Dungeon
  4048 | D:5      | Reached XP level 8. HP: 3/62 MP: 8/8
  4223 | D:5      | Found Zieceety's Book Shoppe.
  4266 | D:5      | Found Qeakk's Food Emporium.
  4361 | D:5      | Found Xeumaon's Magic Scroll Emporium.
  4392 | D:5      | Bought a scroll of identify for 24 gold pieces
  4398 | D:5      | Found Ivay's Assorted Antiques.
  4406 | D:5      | Bought an emerald potion for 23 gold pieces
  4406 | D:5      | Bought a scroll labeled USUIME IW BATZ for 26 gold pieces
  4774 | D:5      | Found Loufay's General Store.
  4898 | D:5      | Reached skill level 7 in Long Blades
  4903 | D:5      | Found a deep blue altar of Sif Muna.
  5518 | D:6      | HP: 2/63 [orc priest (5)]
  5519 | D:6      | Killed from afar by an orc priest

Vault maps used:
D:1:      minmay_arrival_four_loops
D:2:      first_bread
D:3:      goddamned_bats
D:4:      nicolae_ashenzari_panopticon
D:5:      serial_shops, shop, shop, kennysheep_mini, shop, shop, tgw_sif
D:6:      kennysheep_generic_room_14
Temple:   dpeg_five_rooms_temple

Skill      XL: |  1  2  3  4  5  6  7  8 |
---------------+-------------------------+-----
Long Blades    | 3 4 5 6 7 |  7.5
Shields        | 4 5 6 |  6.7
Fighting       | 4 5 6 |  6.0
Armour         | |  3.2

Action                   |  1- 3 |  4- 6 |  7- 9 || total
-------------------------+-------+-------+-------++-------
Melee: Long sword        |    68 |   230 |   333 ||   631
 Abil: Dig               |       |     2 |     9 ||    11
  Use: Scroll            |     1 |       |     9 ||    10
       Potion            |       |     5 |       ||     5
  Eat: Chunk             |     1 |     5 |    10 ||    16
Armor: Scale mail        |    28 |   116 |   130 ||   274
       Skin              |       |    12 |       ||    12
Dodge: Dodged            |    17 |    57 |    59 ||   133
Block: Shield            |    11 |       |       ||    11
       Large shield      |    36 |   206 |   295 ||   537
       Rpst.: Long sword |     5 |    14 |    20 ||    39
